 Dungeon Crawl Stone Soup version 0.30.1-10-g1249ef9ec4 (webtiles) character file.

Game seed: 81053466256095442

8069 Woods the Thaumaturge (level 11, -2/64 HPs)
             Began as a Deep Elf Conjurer on Oct 26, 2023.
             Was a Follower of Ashenzari.
             Slain by a yak (11 damage)
             ... on level 11 of the Dungeon.
             The game lasted 00:40:00 (15721 turns).

Woods the Thaumaturge (Deep Elf Conjurer)          Turns: 15721, Time: 00:40:01

Health: -2/64      AC:  9    Str:  4    XL:     11   Next: 5%
Magic:  0/29       EV: 15    Int: 31    God:    Ashenzari [*.....]
Gold:   174        SH:  0    Dex: 13    Spells: 8/34 levels left

rFire   . . .        (no weapon)
rCold   . . .        (no shield)
rNeg    + . .        r - +4 robe "Peutha Daol" {rN+ rCorr Int+3}
rPois   .            z - +1 hat "Circumscribed Sorrow" {Elem, Fort} (curse)
rElec   .            u - +0 cloak
rCorr   +            (no gloves)
SInv    .            x - +0 pair of boots "Ruined Jealousy" {Melee, Cun} (curse)
Will    +....        s - amulet of guardian spirit
Stlth   ++++         c - ring of wizardry
HPRegen 0.30/turn    E - ring of wizardry
MPRegen 0.21/turn

%: guardian spirit, wizardry (x2)
@: no status effects
A: no striking features
a: Renounce Religion, Curse Item, Shatter the Chains


You were on level 11 of the Dungeon.
You worshipped Ashenzari.
Ashenzari was aware of your devotion.
You visited 3 branches of the dungeon, and saw 13 of its levels.
You also visited: Sewer.

You collected 504 gold pieces.
You spent 330 gold pieces at shops.

Inventory:

Missiles
 e - 4 throwing nets
Armour
 r - the +4 robe "Peutha Daol" (worn) {rN+ rCorr Int+3}
   (You took it off an orc on level 5 of the Dungeon)

   Int:       It affects your intelligence (+3).
   rN:        It protects you from negative energy.
   rCorr:     It protects you from acid and corrosion.
 u - a +0 cloak (worn)
 x - the cursed +0 pair of boots "Ruined Jealousy" (worn) {Melee, Cun}
   (You found it on level 4 of the Dungeon)

   It has a curse which improves the following skills: Melee Combat: Short
   Blades, Long Blades, Axes, Maces & Flails, Polearms, Staves and Unarmed
   Combat.
   Cunning:   Dodging and Stealth.
 z - the cursed +1 hat "Circumscribed Sorrow" (worn) {Elem, Fort}
   (You found it on level 5 of the Dungeon)

   It has a curse which improves the following skills: Elements: Fire Magic, Ice
   Magic, Air Magic and Earth Magic.
   Fortitude: Armour and Shields.
Jewellery
 a - an amulet of reflection
 c - a ring of wizardry (left hand)
 s - an amulet of guardian spirit (around neck)
 t - a ring of protection from cold
 E - a ring of wizardry (right hand)
 K - a ring of poison resistance
Wands
 A - a wand of iceblast (8)
 D - a wand of charming (12)
 F - a wand of flame (28)
 J - a wand of mindburst (14)
 L - a wand of light (3)
Scrolls
 d - 6 scrolls of fog
 f - a scroll of brand weapon
 h - a scroll of fear
 i - 4 scrolls of teleportation
 n - a scroll of enchant armour
 v - 2 scrolls of amnesia
 w - 2 scrolls of enchant weapon
 y - 4 scrolls of poison
 C - a scroll of immolation
Potions
 b - 2 potions of magic
 g - 8 potions of curing
 j - 4 potions of attraction
 k - 5 potions of haste
 l - 2 potions of invisibility
 m - a potion of mutation
 o - 2 potions of might
 p - a potion of ambrosia
 G - a potion of cancellation
 H - 2 potions of resistance
 I - a potion of flight


   Skills:
 + Level 5.3 Fighting
 - Level 7.0(7.8) Dodging
 - Level 9.0(9.7) Stealth
 - Level 12.0 Spellcasting
 * Level 10.2 Conjurations
 + Level 5.0(5.8) Fire Magic
 + Level 2.1(2.7) Earth Magic


You had 8 spell levels left.
You knew the following spells:

 Your Spells              Type           Power      Damage    Failure   Level
a - Magic Dart            Conj           100%       1d8       1%          1
b - Searing Ray           Conj           100%       2d8       1%          2
c - Dazzling Flash        Conj/Hex       100%       N/A       1%          3
d - Fulminant Prism       Conj/Hex       25%        3d14      1%          4
e - Iskenderun's Mystic   Conj/Tloc      50%        2d11      1%          4
f - Flame Wave            Conj/Fire      62%        2d14      1%          4
g - Lehudib's Crystal Sp  Conj/Erth      28%        10d7      94%         8

Your spell library contained the following spells:

 Spells                   Type           Power      Damage    Failure   Level
 Scorch                   Fire           100%       2d9       1%          2
 Stone Arrow              Conj/Erth      100%       3d13      1%          3
 Portal Projectile        Hex/Tloc       36%        N/A       2%          3
 Tukima's Dance           Hex            18%        N/A       2%          3
 Animate Armour           Summ/Erth      54%        N/A       4%          4
 Cause Fear               Hex            9%         N/A       7%          4
 Blade Hands              Tmut           9%         N/A       19%         5
 Summon Cactus Giant      Summ           9%         N/A       67%         6
 Dragon Form              Tmut           9%         N/A       99%         7
 Dragon's Call            Summ           9%         N/A       100%        9


Dungeon Overview and Level Annotations

Branches:
Dungeon (11/15)            Temple (1/1) D:5            Lair (1/5) D:9
    Orc (0/2) D:10          Sewer (visited)

Altars:
Ashenzari
Cheibriados
Gozag
Hepliaklqana
Kikubaaqudgha
Makhleb
Nemelex Xobeh
Okawaru
Sif Muna
Trog
Xom
Yredelemnul
Zin
The Shining One

Shops:
D:4 *

Annotations:
D:2 Terence
D:10 Snorg


Message History

The yak attacks as you move away! The yak misses you.
The yak attacks as you move away! The yak gores you.
The yak attacks as you move away! The yak completely misses you.
Casting: Searing Ray (safe; 1% risk of failure)
Confirm with . or Enter, or press ? or * to list all spells.
Aiming: Fulminant Prism (dangerous; 1% risk of failure)
Press: ? - help, Dir - move target, p - yak You conjure a prism of explosive energy!
A fulminant prism comes into view.
The yak gores you! The yak attacks as you move away!
The yak closely misses you.
Your fulminant prism crackles loudly.
Your fulminant prism explodes!
The blast of energy engulfs the yak!!
The yak is almost dead.
The blast of energy engulfs the gargoyle!!
You destroy the gargoyle!
You have reached level 11!
Casting: Fulminant Prism (dangerous; 1% risk of failure)
Confirm with . or Enter, or press ? or * to list all spells.
Aiming: Searing Ray (safe; 1% risk of failure)
Press: ? - help, Shift-Dir - straight line, f - yak
Aim: a yak (severely wounded, 90% to hit)
The searing ray misses the yak.
The searing ray hits the yak.
You kill the yak! (Press . to maintain the ray.)
The yak misses you.
Training target 12.0 for Spellcasting reached!
Your Spellcasting skill increases to level 12!
Your Earth Magic skill increases to level 2!
The searing ray hits the yak!
The yak is almost dead.
The yak gores you but does no damage.
Without enough magic to sustain it, your searing ray dissipates.
The yak gores you.
* * * LOW HITPOINT WARNING * * *
The yak gores you!
* * * LOW HITPOINT WARNING * * *
The yak attacks as you move away! The yak gores you!
You die...

. ..##########
. #.#..9Y.)..#
.##.#.#####.##
...#....##.# #
#..####Y##.#
####.#..#
#.##Y#
....Y..Y#
#Y##Y# #.#
#9##@#
#.####.##†#
#.9Y..)##.#
#########.##
#.....<#
#...!.##
#######


You could see 2 yaks.

Vanquished Creatures
  A two-headed ogre (D:9)
  An unseen horror (D:10)
  A gargoyle (D:11)
  A troll (D:11)
  A shadow (D:10)
  A wraith (D:10)
  7 yaks
  A steam dragon (D:7)
  Eustachio (D:6)
  Menkaure (D:7)
  3 wargs (D:9)
  2 water moccasins
  2 acid dragons
  2 black bears (D:6)
  An ice beast (D:6)
  4 centaurs
  4 ogres
  3 phantoms
  3 kobold brigands (Sewer)
  3 bullfrogs
  2 gnoll sergeants
  3 scorpions
  16 wights
  2 troll zombies (D:10)
  3 killer bees (D:9)
  An electric eel (D:7)
  3 howler monkeys
  6 orc priests
  Crazy Yiuf (D:7)
  A sleepcap (D:8)
  4 hounds
  6 iguanas
  Natasha (thrice) (D:2)
  5 orc wizards
  6 ogre zombies (D:10)
  9 gnolls
  4 river rats (D:3)
  10 adders
  2 white imps
  3 ufetubi (D:6)
  A worm (D:3)
  2 dart slugs
  18 orcs
  8 bats
  8 endoplasms
  3 giant cockroaches
  11 goblins
  11 hobgoblins
  15 kobolds
  6 quokkas
  10 ball pythons
  7 frilled lizards
  A goblin skeleton (D:10)
  3 goblin zombies (D:10)
  4 hobgoblin zombies (D:10)
  2 orc skeletons (D:10)
  13 orc zombies (D:10)
  12 rats
268 creatures vanquished.

Vanquished Creatures (others)
  22 fulminant prisms
22 creatures vanquished.

Grand Total: 290 creatures vanquished

Notes
Turn   | Place    | Note
-------+----------+-------------------------------------------
     0 | D:1      | Woods the Deep Elf Conjurer began the quest for the Orb.
     0 | D:1      | Reached XP level 1. HP: 10/10 MP: 6/6
   325 | D:1      | Reached XP level 2. HP: 15/15 MP: 5/8
   374 | D:1      | Learned a level 2 spell: Searing Ray
  1178 | D:2      | Noticed Natasha
  1184 | D:2      | Killed Natasha
  1185 | D:2      | Reached XP level 3. HP: 18/19 MP: 3/10
  1321 | D:2      | Noticed Terence
  1605 | D:2      | Noticed Natasha
  1615 | D:2      | Killed Natasha
  1616 | D:2      | Reached XP level 4. HP: 24/24 MP: 5/11
  1727 | D:2      | Learned a level 3 spell: Dazzling Flash
  1810 | D:2      | Learned a level 4 spell: Fulminant Prism
  2196 | D:2      | Noticed Natasha
  2198 | D:2      | Killed Natasha
  2199 | D:2      | Reached skill level 4 in Spellcasting
  2561 | D:3      | Reached skill level 5 in Conjurations
  2688 | D:3      | Reached XP level 5. HP: 8/28 MP: 10/13
  2863 | D:3      | Found a glowing drain.
  2868 | Sewer    | Entered a sewer
  3007 | Sewer    | Reached skill level 5 in Stealth
  3288 | Sewer    | Reached XP level 6. HP: 14/32 MP: 4/15
  3499 | D:3      | Reached skill level 5 in Spellcasting
  4305 | D:4      | Found Tuobun's General Store.
  4499 | D:4      | Reached XP level 7. HP: 36/36 MP: 8/16
  4504 | D:4      | Learned a level 4 spell: Iskenderun's Mystic Blast
  4864 | D:4      | Found an iron altar of Okawaru.
  5006 | D:4      | Found a basalt altar of Yredelemnul.
  5117 | D:4      | Reached skill level 5 in Dodging
  5390 | D:5      | Entered Level 5 of the Dungeon
  5750 | D:4      | Reached skill level 6 in Spellcasting
  6392 | D:5      | Found a staircase to the Ecumenical Temple.
  6429 | Temple   | Entered the Ecumenical Temple
  6453 | Temple   | Became a worshipper of Ashenzari the Shackled
  6520 | D:5      | Reached skill level 7 in Spellcasting
  6545 | D:5      | Identified the +4 robe "Peutha Daol" {rN+ rCorr Int+3}
  6636 | D:4      | Reached XP level 8. HP: 30/41 MP: 12/21
  6878 | D:5      | Found a snail-covered altar of Cheibriados.
  6893 | D:5      | Reached skill level 8 in Spellcasting
  7274 | D:5      | Reached skill level 1 in Fighting
  8403 | D:6      | Noticed Eustachio
  8503 | D:6      | Killed Eustachio
  8504 | D:6      | Reached skill level 5 in Fighting
  9053 | D:6      | Reached XP level 9. HP: 54/54 MP: 18/23
  9380 | D:7      | Noticed Menkaure
  9384 | D:7      | Killed Menkaure
  9998 | D:7      | Reached skill level 9 in Spellcasting
 10270 | D:7      | Found a runed translucent door.
 10271 | D:7      | Noticed Crazy Yiuf
 10572 | D:7      | Found a burning altar of Makhleb.
 10572 | D:7      | Found an opulent altar of Gozag.
 10697 | D:7      | Killed Crazy Yiuf
 12050 | D:4      | Bought a book of Scorching for 330 gold pieces
 12055 | D:4      | Learned a level 4 spell: Flame Wave
 12068 | D:5      | Reached * piety under Ashenzari
 12304 | D:9      | Found a shimmering altar of Xom.
 12317 | D:9      | Reached skill level 10 in Spellcasting
 12317 | D:9      | Reached XP level 10. HP: 41/59 MP: 10/26
 12409 | D:9      | Reached skill level 1 in Fire Magic
 12876 | D:9      | Noticed a two-headed ogre
 12890 | D:9      | Killed a two-headed ogre
 13328 | D:9      | Found a staircase to the Lair.
 13501 | D:9      | Found a shimmering blue altar of Sif Muna.
 13616 | Lair:1   | Entered Level 1 of the Lair of Beasts
 13649 | D:10     | Entered Level 10 of the Dungeon
 13742 | D:10     | Found a staircase to the Orcish Mines.
 13773 | D:10     | Reached skill level 11 in Spellcasting
 14157 | D:10     | Noticed Snorg
 14405 | D:10     | Learned a level 8 spell: Lehudib's Crystal Spear
 14534 | D:10     | Noticed a gargoyle
 14769 | D:10     | Identified the +2 chain mail "Guegaome" {rPois Will+ SInv}
 15076 | D:10     | Reached skill level 10 in Conjurations
 15076 | D:10     | Reached skill level 1 in Earth Magic
 15694 | D:11     | Reached skill level 5 in Fire Magic
 15695 | D:11     | Noticed a gargoyle
 15714 | D:11     | Killed a gargoyle
 15715 | D:11     | Reached XP level 11. HP: 21/64 MP: 2/28
 15716 | D:11     | Reached skill level 12 in Spellcasting
 15721 | D:11     | Slain by a yak

Illustrated notes

Levels and vault maps discovered:
D:1:      minmay_arrival_floating_metal, layout_basic, serial_aquarium,
          aquarium_bridge_straight [aquarium_subvault_bridge,
          aquarium_subvault_balcony, aquarium_subvault_bridge,
          aquarium_subvault_wall], aquarium_bridge_straight
          [aquarium_subvault_bridge, aquarium_subvault_balcony,
          aquarium_subvault_bridge, aquarium_subvault_wall],
          aquarium_window_double, aquarium_window_2, aquarium_view_2c,
          aquarium_view_2f, aquarium_balcony_1a, minmay_pentomino_w2
D:2:      minmay_general_purpose_star, layout_basic,
          amcnicky_mini_rare_corridor_liquid, uniq_natasha, uniq_terence
D:3:      layout_basic, lightli_sewer_entry_pipes
D:4:      layout_basic, lemuel_coloured_pillars_altar,
          hellmonk_okawaru_the_only_friend_you_need, serial_shops,
          nicolae_shop_tiny_statue_garden, kennysheep_boxes
D:5:      layout_layer_cave, cheibriados_altar_1, minmay_temple_entry_junction
D:6:      layout_rooms, minmay_puff, uniq_eustachio
D:7:      layout_basic, nicolae_overflow_two_pavilions, uniq_menkaure,
          uniq_crazy_yiuf_cottage
D:8:      layout_basic, kennysheep_small_spiral
D:9:      layout_roguey, lemuel_doored_altar,
          mainiacjoe_overflow_surrounded_room, erik_lair_orcish_takeover,
          serial_glass, glass_columns_b, glass_columns_b, glass_columns_b,
          glass_columns_a, glass_columns_a, glass_columns_a, glass_columns_a,
          glass_columns_c, glass_columns_a, glass_columns_b, glass_columns_a,
          glass_columns_c, glass_columns_a, glass_columns_a,
          due_unseen_surprise, minmay_strange_pillars, item_on_display_b,
          roderic_serpentine_path
D:10:     layout_irregular_city, zombieorc2_lemuel, uniq_snorg
D:11:     layout_basic, gammafunk_ghost_split, uniq_maurice
Temple:   regret_index_temple_waves
Lair:1:   layout_cave_pods, uniq_harold

Skill      XL: |  1  2  3  4  5  6  7  8  9 10 11 |
---------------+----------------------------------+-----
Stealth        | 3 4 5 6 9 |  9.0
Dodging        | 3 4 5 7 |  7.0
Spellcasting   | 4 5 7 8 10 11 12 | 12.0
Conjurations   | 5 7 8 10 | 10.2
Fighting       | 5 |  5.3
Fire Magic     | 5 |  5.0
Earth Magic    | 1 2 |  2.1

Action                     |  1- 3 |  4- 6 |  7- 9 | 10-12 || total
---------------------------+-------+-------+-------+-------++-------
  Melee: Unarmed           |     1 |       |    13 |    12 ||    26
   Cast: Magic Dart        |    45 |    74 |   143 |    87 ||   349
         Searing Ray       |     7 |    30 |    84 |    62 ||   183
         Fulminant Prism   |       |       |    18 |     4 ||    22
 Invoke: Curse Item        |       |       |     2 |       ||     2
    Use: Potion            |       |     1 |       |       ||     1
         Scroll            |       |       |     9 |     2 ||    11
 Armour: Robe              |       |     4 |    29 |    26 ||    59
  Dodge: Dodged            |     5 |    18 |    75 |    79 ||   177
